 Dungeon Crawl Stone Soup version 0.23-a0-299-g9a66eeb (webtiles) character file.

630 DrChives the Shield-Bearer (level 7, -10/43 HPs)
             Began as a Gargoyle Fighter on Oct 7, 2018.
             Was a Follower of Okawaru.
             Mangled by an ogre
             ... wielding a cursed +0 giant club
              (24 damage)
             ... on level 4 of the Dungeon.
             The game lasted 00:26:32 (3598 turns).

DrChives the Shield-Bearer (Gargoyle Fighter)       Turns: 3598, Time: 00:26:32

Health: -10/43     AC: 12    Str: 22    XL:     7   Next: 48%
Magic:  7/7        EV: 13    Int:  8    God:    Okawaru [*.....]
Gold:   106        SH: 12    Dex:  9    Spells: 6/6 levels left

rFire    . . .     SeeInvis .   C - +1 hand axe (flame)
rCold    . . .     Gourm    .   c - +2 shield
rNeg     + . .     Faith    .   y - +0 ring mail (curse)
rPois    ∞         Spirit   .   l - +0 helmet
rElec    +         Reflect  .   (no cloak)
rCorr    +         Harm     +   (no gloves)
MR       .....                  (no boots)
Stlth    +.........             i - amulet of harm
HPRegen  0.14/turn              e - +4 ring of evasion
MPRegen  0.10/turn              g - ring of resist corrosion

@: no status effects
A: negative energy resistance 1, electricity resistance, unbreathing,
petrification resistance, rot immunity, AC +4
a: Heroism, Renounce Religion


You were on level 4 of the Dungeon.
You worshipped Okawaru.
Okawaru was aware of your devotion.
You were very hungry.

You visited 1 branch of the dungeon, and saw 4 of its levels.

You collected 106 gold pieces.

Inventory:

Hand Weapons
 a - a +0 flail
 h - a +0 whip
 j - a +0 mace
 q - a +0 giant club
 t - a +0 trident
 v - a +0 halberd
 w - a +0 flail
 C - a +1 hand axe of flaming (weapon)
Missiles
 n - 17 arrows
 p - 27 stones (quivered)
Armour
 b - a +1 scale mail
 c - a +2 shield (worn)
 l - a +0 helmet (worn)
 o - a +0 robe
 s - a +0 ring mail
 u - a +0 chain mail
 y - a cursed +0 ring mail (worn)
Jewellery
 e - a +4 ring of evasion (left hand)
 g - a ring of resist corrosion (right hand)
 i - an amulet of harm (around neck)
 r - an uncursed ring of protection from cold
Wands
 d - a wand of digging (17)
Potions
 m - 2 potions of magic
 z - a potion of brilliance {unknown}
 A - 2 potions of invisibility {unknown}
 D - a potion of might
Comestibles
 f - 5 rations


   Skills:
 + Level 4.2 Fighting
 + Level 1.3(2.6) Axes
 + Level 3.9(4.1) Maces & Flails
 + Level 4.8 Armour
 + Level 2.0 Dodging
 + Level 0.5 Stealth
 + Level 5.9 Shields


You had 6 spell levels left.
You didn't know any spells.
Your spell library was empty.

Dungeon Overview and Level Annotations

Branches:
Dungeon (4/15)
 Temple: D:4-7

Altars:
Cheibriados
Dithmenos
Elyvilon
Okawaru
Qazlal
Ru

Annotations:
D:4 1 transporter, rjrrt's ghost, amateur DEFE


Innate Abilities, Weirdness & Mutations

You are resistant to torment.
Your stone body is resilient. (AC +4)
You are immune to poison.
You resist negative energy. (rN+)
You are resistant to electric shocks. (rElec)
You can survive without breathing.
You are immune to petrification.
You are immune to rotting.


Message History

You hit the ogre. You burn the ogre.
The ogre is heavily wounded.
You hit the ogre. You burn the ogre.
The ogre hits you with an enchanted great mace!
You block the ogre's attack.
You hit the ogre. You burn the ogre.
The ogre is heavily wounded.
You hit the ogre. You burn the ogre.
The ogre hits you with an enchanted great mace!
You hit the ogre. You burn the ogre.
The ogre is almost dead.
You hit the ogre. You burn the ogre.
You kill the ogre!
Okawaru accepts your kill.
You can now gain great but temporary skills.
Your base Axes skill increases to level 1!
Your Dodging skill increases to level 2!
The ogre barely misses you. The ogre hits you with a giant club!!
Ouch! That really hurt!
You die...

#..§..# #.##.#.....#.######.#
#.....####.....(.#[##.# #..
#.....##.########..##.# ###
###.....#.#...[..#####.######
#.......#.#.#..#.####>......#
#.####..#.#..##..#.....####.#
#(##
#..#.#..##..####.#####.###
.....#...©#$#W.#.# #.
#....... . #.......#$.O@.©#
.....##.###
#........©#.#..#.# ##... ...#
#<........#..##..# ### #####
####.###..#..##..# #.
#..#.#..#.# #. #..#©.....#
.#.######## ..###. ... ..


You could see an ogre and rjrrt's ghost.

Vanquished Creatures
  2 ogres (D:4)
  A phantom (D:3)
  A hound (D:4)
  2 orc wizards (D:4)
  Jessica (D:2)
  Terence (D:3)
  Natasha (D:2)
  A worker ant (D:4)
  Robin (D:2)
  6 adders
  4 gnolls (D:3)
  2 oozes
  A dart slug (D:2)
  A worm (D:3)
  3 leopard geckos
  4 orcs
  5 bats
  A giant cockroach (D:2)
  13 goblins
  9 hobgoblins
  6 jackals (D:1)
  2 frilled lizards (D:2)
  3 kobolds (D:2)
  5 rats
76 creatures vanquished.

Notes
Turn   | Place    | Note
-------+----------+-------------------------------------------
     0 | D:1      | DrChives the Gargoyle Fighter began the quest for the Orb.
     0 | D:1      | Reached XP level 1. HP: 14/14 MP: 1/1
   520 | D:1      | Reached XP level 2. HP: 17/19 MP: 2/2
  1124 | D:2      | Noticed Jessica
  1127 | D:2      | Noticed Robin
  1136 | D:2      | Killed Jessica
  1136 | D:2      | Reached XP level 3. HP: 6/24 MP: 3/3
  1203 | D:2      | Reached XP level 4. HP: 23/29 MP: 4/4
  1213 | D:2      | Killed Robin
  1235 | D:2      | Reached skill level 4 in Shields
  1273 | D:2      | Found an iron altar of Okawaru.
  1307 | D:2      | Noticed a phantom
  1669 | D:3      | Killed a phantom
  1669 | D:3      | Reached skill level 1 in Dodging
  1669 | D:3      | Reached XP level 5. HP: 29/33 MP: 5/5
  2008 | D:2      | Noticed Natasha
  2033 | D:2      | Killed Natasha
  2080 | D:2      | Found a white marble altar of Elyvilon.
  2149 | D:2      | Became a worshipper of Warmaster Okawaru
  2230 | D:3      | Reached XP level 6. HP: 37/38 MP: 6/6
  2390 | D:3      | Noticed Terence
  2413 | D:3      | Killed Terence
  2413 | D:3      | Reached skill level 5 in Shields
  3039 | D:4      | HP: 1/38 [orc wizard/puff of flame (8)]
  3365 | D:4      | Found a stormy altar of Qazlal.
  3386 | D:4      | Found a shadowy altar of Dithmenos.
  3390 | D:4      | Found a sacrificial altar of Ru.
  3404 | D:4      | Found a snail-covered altar of Cheibriados.
  3471 | D:4      | Reached XP level 7. HP: 43/43 MP: 7/7
  3570 | D:4      | Found a transporter.
  3570 | D:4      | Found a transporter.
  3570 | D:4      | Noticed rjrrt's ghost (amateur DEFE)
  3598 | D:4      | Reached * piety under Okawaru
  3598 | D:4      | Reached skill level 1 in Axes
  3598 | D:4      | Mangled by an ogre

Vault maps used:
D:1:      sevenhm_arrival_forest_fort_small_3
D:2:      elyvilon_altar_5, okawaru_trees_2, uniq_jessica, uniq_robin,
          uniq_natasha
D:3:      hangedman_decor_growths, uniq_terence
D:4:      kennysheep_mini_moat, overflow_temple_1_default,
          nicolae_overflow_hidden_temple, gammafunk_ghost_smash, first_ration,
          uniq_menkaure

Skill      XL: |  1  2  3  4  5  6  7 |
---------------+----------------------+-----
Maces & Flails | 3 |  3.9
Shields        | 4 5 |  5.9
Fighting       | 4 |  4.2
Dodging        | 1 2 |  2.0
Armour         | 4 |  4.8
Axes           | 1 |  1.3
Stealth        | |  0.5

Action                   |  1- 3 |  4- 6 |  7- 9 || total
-------------------------+-------+-------+-------++-------
Melee: Flail             |    86 |   216 |       ||   302
       Hand axe          |       |    40 |    27 ||    67
  Use: Scroll            |     6 |     6 |     2 ||    14
       Potion            |     1 |     4 |     1 ||     6
  Eat: Ration            |       |     2 |       ||     2
       Chunk             |       |     1 |       ||     1
Armor: Scale mail        |    63 |   139 |       ||   202
       Chain mail        |       |    12 |       ||    12
       Ring mail         |       |    11 |     4 ||    15
Dodge: Dodged            |    83 |   228 |    10 ||   321
Block: Shield            |    77 |   294 |    16 ||   387

Table legend:
 A = Non-vault XP
 B = Vault XP
 C = Vault XP percentage of total XP
 D = Non-vault monster count
 E = Vault monster count
 F = Vault count percentage of total count
                 A         B        C        D         E       F
            +---------+---------+-------+---------+---------+-------
      Total |     649 |     252 |  28.0 |      61 |      15 |  19.7
            +---------+---------+-------+---------+---------+-------
        D:1 |      33 |       0 |   0.0 |      18 |       0 |   0.0
        D:2 |      42 |     107 |  71.8 |      14 |      13 |  48.1
        D:3 |     260 |      36 |  12.2 |      20 |       1 |   4.8
        D:4 |     314 |     109 |  25.8 |       9 |       1 |  10.0
            +---------+---------+-------+---------+---------+-------
